 Dungeon Crawl Stone Soup version 0.30-a0-172-gc5509c9e31 (webtiles) character file.

Game seed: 3267680782089681678

230 qw the Chopper (level 6, 0/37 HPs)
             Began as a Gargoyle Fighter on Oct 1, 2022.
             Constricted to death by Grinder (7 damage)
             ... on level 4 of the Dungeon.
             The game lasted 00:01:00 (2875 turns).

qw the Chopper (Gargoyle Fighter)                   Turns: 2875, Time: 00:01:01

Health: 0/37       AC: 11    Str: 22    XL:     6   Next: 3%
Magic:  6/6        EV:  6    Int:  8    God:
Gold:   174        SH:  4    Dex:  9    Spells: 5/5 levels left

rFire   + . .      SeeInvis .    Y - +0 war axe
rCold   + . .      Faith    .    c - +0 buckler
rNeg    + . .      Spirit   .    b - +0 scale mail
rPois   inf        Reflect  .    (no helmet)
rElec   +          Harm     .    (no cloak)
rCorr   .          Rampage  .    (no gloves)
Will    +....                    (no boots)
Stlth   ..........               (no amulet)
HPRegen 0.26/turn                e - ring of willpower
MPRegen 0.10/turn                (no ring)

@: grasped by roots, constricted
A: sickness immunity, AC +4, negative energy resistance 1, electricity
resistance, torment resistance 1, petrification resistance, cold resistance 1,
fire resistance 1
a: no special abilities


You were on level 4 of the Dungeon.
You visited 1 branch of the dungeon, and saw 4 of its levels.

You collected 174 gold pieces.


Innate Abilities, Weirdness & Mutations

You are immune to sickness and miasma.
Your stone body is resilient. (AC +4)
You are immune to poison.
You resist negative energy. (rN+)
You are resistant to electric shocks. (rElec)
You are resistant to unholy torment.
You are immune to petrification.
Your flesh is cold resistant. (rC+)
Your flesh is heat resistant. (rF+)


   Skills:
 + Level 3.3 Fighting
 - Level 5.5 Axes
 - Level 3.2 Armour
 - Level 3.2 Shields


You had 5 spell levels left.
You didn't know any spells.
Your spell library was empty.

Inventory:

Hand Weapons
 g - a +1 morningstar of holy wrath
 Y - a +0 war axe (weapon)
Armour
 b - a +0 scale mail (worn)
 c - a +0 buckler (worn)
Jewellery
 e - a ring of willpower (left hand)
Scrolls
 i - a scroll of identify
Potions
 a - 2 potions of mutation
 d - a potion of might
 h - a potion of haste
 j - a potion of flight {unknown}
 k - a potion of curing
 m - a potion of attraction
 n - a potion of heal wounds {unknown}
 r - a potion of degeneration {unknown}

Dungeon Overview and Level Annotations

Branches:
Dungeon (4/15)
 Temple: D:4-7

Altars:
Fedhas

Shops:
D:2 :

Annotations:
D:4 Grinder


Message History

Found 7 stones.
2864 ||| Stepping ~*~*~tactically~*~*~ (hiding).
You start waiting.
Grinder is nearby!
Grinder zaps a wand.
The roots erupt in riotous growth!
The grasping roots grab you!
Grinder is unaffected.
The grasping roots constrict you.
You hear a shout!
You barely miss Grinder. Grinder gestures at you. You resist with some effort.
The grasping roots constrict you!
You closely miss Grinder.
A kobold comes into view. It is wielding a +0 dagger.
Grinder hits you but does no damage. The grasping roots constrict you.
The grasping roots release their grip on you.
You slash Grinder!
Grinder is moderately wounded.
Grinder gestures at you. You resist with some effort.
You hit Grinder but do no damage.
Grinder is moderately wounded.
Grinder says, "There's only one good use for a tongue: cutting it out."
You block Grinder's attack.
Grinder says, "Just stop there for a second..."
Grinder barely misses you.
You hit Grinder but do no damage.
Grinder is moderately wounded.
Grinder hits you.
You writhe in agony.
You slash Grinder!
Grinder is heavily wounded.
You hit the kobold.
You kill the kobold!
Grinder zaps a wand.
The roots erupt in riotous growth!
The grasping roots grab you!
Grinder is unaffected.
The grasping roots constrict you.
You hear a shout!
You slash Grinder!
Grinder is almost dead.
Grinder hits you but does no damage. The grasping roots constrict you!
You die...

#. .. #.# .## #..#
#.# .. #..# #.# .#
#..# #.# ##.# #..#
#.########..#.#.##
#..#
#.##>.....@).....(
#..#
#.##.######5#.#.##
#..###.##.#......#
#.<..............#
################.(
.# .. ##


You could see Grinder.

Vanquished Creatures
  A sky beast (D:3)
  An orc wizard (D:3)
  A gnoll (D:1)
  3 adders
  A worm (D:3)
  2 dart slugs (D:1)
  3 orcs (D:3)
  2 bats (D:2)
  6 endoplasms
  7 giant cockroaches
  5 hobgoblins
  7 kobolds
  5 quokkas
  2 ball pythons (D:2)
  5 frilled lizards
  10 goblins
61 creatures vanquished.

Notes
Turn   | Place    | Note
-------+----------+-------------------------------------------
     0 | D:1      | qw the Gargoyle Fighter began the quest for the Orb.
     0 | D:1      | Reached XP level 1. HP: 14/14 MP: 1/1
     0 | D:1      | 0 ||| qw: Version: 0.2-a-13-gfc7b4b4
     0 | D:1      | 0 ||| qw: Game counter: 1791
     0 | D:1      | 0 ||| qw: Always use a shield: true
     0 | D:1      | 0 ||| qw: God list: Okawaru
     0 | D:1      | 0 ||| qw: Allow faded altars: false
     0 | D:1      | 0 ||| qw: Do Orc after D:15 true
     0 | D:1      | 0 ||| qw: Do second Lair branch before Depths: true
     0 | D:1      | 0 ||| qw: Lair rune preference: random
     0 | D:1      | 0 ||| qw: Plans: Normal, Zot:1-4, God:TSO, Crypt, Tomb,
                  | Pan, Slime:5, Hells, Abyss, Orb
     0 | D:1      | 0 ||| PLANNING D:1-11
    65 | D:1      | Reached skill level 2 in Axes
    93 | D:1      | 93 ||| DROPPING +0 club.
   249 | D:1      | Reached XP level 2. HP: 18/19 MP: 2/2
   492 | D:1      | 492 ||| Stepping ~*~*~tactically~*~*~ (stealth).
   502 | D:1      | 502 ||| Stepping ~*~*~tactically~*~*~ (stealth).
   503 | D:1      | 503 ||| Stepping ~*~*~tactically~*~*~ (stealth).
   531 | D:1      | Reached skill level 3 in Axes
   531 | D:1      | Reached XP level 3. HP: 18/23 MP: 3/3
   568 | D:1      | 568 ||| Stepping ~*~*~tactically~*~*~ (hiding).
   569 | D:1      | 569 ||| Stepping ~*~*~tactically~*~*~ (hiding).
   922 | D:1      | 922 ||| READING scroll labelled UMAHAS DIETTOENLE.
  1070 | D:2      | Found Puog's Book Shoppe.
  1100 | D:2      | Found a blossoming altar of Fedhas.
  1112 | D:2      | 1112 ||| Stepping ~*~*~tactically~*~*~ (stealth).
  1113 | D:2      | 1113 ||| Stepping ~*~*~tactically~*~*~ (stealth).
  1345 | D:2      | Reached XP level 4. HP: 28/28 MP: 4/4
  1622 | D:2      | Found a faded altar of an unknown god.
  1701 | D:2      | Reached skill level 4 in Axes
  1711 | D:2      | 1711 ||| UPGRADING to ring of willpower.
  1712 | D:2      | 1712 ||| DRINKING 2 puce potions.
  1713 | D:2      | 1713 ||| DRINKING 2 ruby potions.
  1714 | D:2      | 1714 ||| DROPPING potion of brilliance.
  1736 | D:3      | 1736 ||| PLANNING SEWER
  1764 | D:3      | 1764 ||| Stepping ~*~*~tactically~*~*~ (hiding).
  1844 | D:3      | 1844 ||| DROPPING +0 mace.
  1950 | D:3      | Reached XP level 5. HP: 32/32 MP: 5/5
  2447 | D:3      | 2447 ||| RIP SEWER
  2504 | D:3      | 2504 ||| PLANNING D:1-11
  2733 | D:3      | 2733 ||| READING scroll labelled OKHIRA ZEROAZ.
  2734 | D:3      | 2734 ||| READING scroll labelled XAOTWU BEKITTU.
  2735 | D:3      | 2735 ||| READING scroll labelled RUOG NOWKAMOL.
  2736 | D:3      | 2736 ||| READING scroll labelled RERGHO VIPO.
  2737 | D:3      | 2737 ||| READING scroll labelled TEEXUV FOTZE.
  2740 | D:3      | 2740 ||| DRINKING 3 sapphire potions.
  2740 | D:3      | Gained mutation: Your flesh is heat resistant. (rF+)
                  | [potion of mutation]
  2740 | D:3      | Gained mutation: Your flesh is cold resistant. (rC+)
                  | [potion of mutation]
  2741 | D:3      | 2741 ||| DRINKING 2 fuming green potions.
  2742 | D:3      | 2742 ||| DRINKING 2 pink potions.
  2766 | D:4      | Noticed a sky beast
  2767 | D:4      | 2767 ||| STAIRDANCE
  2793 | D:3      | Killed a sky beast
  2794 | D:3      | Reached skill level 5 in Axes
  2794 | D:3      | Reached XP level 6. HP: 25/37 MP: 6/6
  2863 | D:4      | Noticed Grinder
  2864 | D:4      | 2864 ||| Stepping ~*~*~tactically~*~*~ (hiding).
  2874 | D:4      | HP: 6/37 [constriction (6)]
  2875 | D:4      | Constricted to death by Grinder

Levels and vault maps discovered:
D:1:      lemuel_arrival_funnel, layout_basic
D:2:      layout_basic, shapermc_ecumenical_altar_hornbeckon, serial_shops,
          nicolae_shop_hallway_plus, basic_altar, kennysheep_another_room
D:3:      layout_basic, gup_sewer_entry_pipe, minivault_4, minmay_misc_feat_x,
          grunt_ministairs_10
D:4:      gammafunk_cloud_chamber, layout_loops_ring, minmay_misc_feat_roman,
          uniq_blork_the_orc, uniq_grinder

Skill      XL: |  1  2  3  4  5 |
---------------+----------------+-----
Axes           | 2 3 4 5 |  5.5
Fighting       | |  3.3
Armour         | |  3.2
Shields        | |  3.2

Action                   |  1- 3 |  4- 6 || total
-------------------------+-------+-------++-------
Melee: War axe           |    90 |   104 ||   194
Throw: Boomerang         |       |     4 ||     4
  Use: Scroll            |     1 |     5 ||     6
       Potion            |       |     5 ||     5
Armor: Scale mail        |    45 |    46 ||    91
Dodge: Dodged            |    34 |    40 ||    74
Block: Buckler           |    18 |    17 ||    35

Table legend:
 A = Non-vault XP
 B = Vault XP
 C = Vault XP percentage of total XP
 D = Non-vault monster count
 E = Vault monster count
 F = Vault count percentage of total count
                 A         B        C        D         E       F
            +---------+---------+-------+---------+---------+-------
      Total |     311 |      18 |   5.5 |      52 |       9 |  14.8
            +---------+---------+-------+---------+---------+-------
        D:1 |      50 |       0 |   0.0 |      20 |       0 |   0.0
        D:2 |      49 |       0 |   0.0 |      16 |       0 |   0.0
        D:3 |     208 |      18 |   8.0 |      14 |       9 |  39.1
        D:4 |       4 |       0 |   0.0 |       2 |       0 |   0.0
            +---------+---------+-------+---------+---------+-------
